 Dungeon Crawl Stone Soup version 0.14-a0-3520-g290746a (webtiles) character file.

67902 MrRokkomies the Executioner (level 14, 0/122 HPs)
             Began as a Lava Orc Berserker on Mar 24, 2014.
             Was the Champion of Trog.
             Slain by an ice devil (48 damage)
             ... on Level 1 of the Abyss on Mar 27, 2014.
             The game lasted 01:39:40 (21142 turns).

MrRokkomies the Executioner (Lava Orc Berserker)   Turns: 21142, Time: 01:39:40

HP   0/122       AC 26     Str 24      XL: 14   Next: 77%
MP  14/14        EV  7     Int 10      God: Trog [******]
Gold 1974        SH  0     Dex 13      Spells:  0 memorised, 13 levels left

rFire  + + +     SeeInvis +     H - +2,+1 executioner's axe (chop)
rCold  x . .     Clarity  .     P - +3 plate armour {rPois}
rNeg   . . .     Conserve .     (no shield)
rPois  +         rCorr    .     p - +1 hat {Int+3}
rElec  .         rRot     .     j - +0 cloak
SustAb . .       Spirit   .     s - +2 pair of gloves
rMut   .         Warding  .     (no boots)
Saprov + . .     Stasis   .     (no amulet)
MR     ++...                    y - ring of Grin {+Blink MR+ Str+2 SInv}
                                g - ring of protection from fire

@: very resistant to hostile enchantments, extremely unstealthy
A: conserve scrolls, saprovore 1
a: Burn Spellbooks, Berserk, Trog's Hand, Brothers in Arms, Renounce Religion,
Evoke Blink


You were on level 1 of the Abyss.
You worshipped Trog.
Trog was exalted by your worship.
You were not hungry.

You visited 3 branches of the dungeon, and saw 22 of its levels.
You visited the Abyss 1 time.
You also visited: Sewer.

You collected 2230 gold pieces.
You spent 256 gold pieces at shops.

Inventory:

Hand weapons
 k - a +0,+5 hand axe of venom
 t - a +1,+5 anti-magic executioner's axe
 A - the -2,+1 battleaxe "Gakizofa" {distort, rF+ Str-1 Stlth++}
   (Trog gifted it to you on level 1 of the Orcish Mines)

   It warps and distorts space around it.
   Unwielding it can cause banishment or high damage.
   It affects your strength (-1).
   It protects you from fire.
   It makes you much more stealthy.
 B - the +1,+0 battleaxe of Drought {chop, rElec rN+}
   (Trog gifted it to you on level 3 of the Orcish Mines)

   It inflicts extra damage upon your enemies.
   It insulates you from electricity.
   It protects you from negative energy.
 G - a +0 blowgun
 H - a +2,+1 executioner's axe of chopping (weapon)
 N - a +0,+2 crossbow of evasion
 W - a +0,+6 anti-magic broad axe
 Z - a +3,+1 war axe of freezing
Missiles
 e - 14 tomahawks
 f - 8 curare-tipped needles
 r - 51 poisoned needles
 v - 4 poisoned tomahawks (quivered)
 I - 100 bolts
 R - 19 steel bolts
Armour
 j - a +0 cloak (worn)
 p - a +1 hat of intelligence (worn)
 s - a +2 pair of gloves (worn)
 P - a +3 plate armour of poison resistance (worn)
Magical devices
 d - a wand of flame (10)
 D - a wand of cold (1)
 E - a wand of hasting (1)
 L - a wand of invisibility (2)
 M - a wand of heal wounds (4)
 S - a wand of heal wounds (0)
 V - a wand of fireball (4)
 Y - a wand of random effects (13) {unknown}
Comestibles
 c - 5 meat rations
 U - 3 rotting chunks of raiju flesh
Scrolls
 a - 3 scrolls of teleportation
 m - 4 scrolls of fog
 n - a scroll of blinking
 x - 3 scrolls of magic mapping
 F - a scroll of fear
Jewellery
 g - a ring of protection from fire (left hand)
 l - a +4 ring of strength
 u - an uncursed ring of protection from fire
 y - the ring of Grin (right hand) {+Blink MR+ Str+2 SInv}
   (You found it on level 13 of the Dungeon)

   [ring of see invisible]

   It affects your strength (+2).
   It affects your resistance to hostile enchantments.
   It lets you blink.
 C - an uncursed ring of ice
 O - an uncursed ring of hunger {unknown}
 Q - an uncursed ring of flight
Potions
 b - 2 potions of agility
 i - a potion of flight {unknown}
 o - a potion of beneficial mutation {unknown}
 q - 3 potions of might
 w - 2 potions of resistance
 z - a potion of haste {unknown}
 K - 6 potions of curing
 T - a potion of berserk rage {unknown}
 X - a potion of confusion {unknown}
Books
 h - a book of Debilitation

   Spells                             Type                      Level
   Corona                             Hexes                        1
   Slow                               Hexes                        2
   Inner Flame                        Hexes/Fire                   3
   Enslavement                        Hexes                        4
   Cause Fear                         Hexes                        4
   Leda's Liquefaction                Hexes/Earth                  4
   Trog disapproves of the use of such an item.
Miscellaneous
 J - a sack of spiders


   Skills:
 + Level 10.5 Fighting
 - Level 21.0 Axes
 - Level 16.4 Armour
 * Level 4.0 Dodging


You had 13 spell levels left.
You didn't know any spells.

Dungeon Overview and Level Annotations

Branches:
Dungeon (15/15)            Temple (0/1) D:5             Orc (4/4) D:10
    Elf (0/3) Orc:4          Lair (3/8) D:10          Snake (0/5) Lair:3
 Vaults (0/5) D:13
  Swamp: Lair:3-6    Shoals: Lair:3-6    Spider: Lair:3-6    Depths: D:15

Altars:
Cheibriados
Dithmenos
Fedhas
Makhleb
Okawaru
Sif Muna
Trog
Yredelemnul
Zin
The Shining One
Beogh

Shops:
D:8 (   Orc:4 *

Portals:
Trove: D:11 (give +3 fire dragon armour)


Innate Abilities, Weirdness & Mutations

You have stony skin.
Your flesh is almost immune to the effects of heat.
Your fire spells are more powerful.
Your flesh is vulnerable to cold.
Your heat harms attackers.
You bathe your surroundings in blazing heat.
You are too hot to use scrolls.
You are very good at protecting items from fire.
You can tolerate rotten meat.


Message History

The tentacled starspawn is severely damaged.
The tentacled starspawn is burned by your radiant heat.
The tentacled starspawn is severely damaged.
The tentacled starspawn barely misses you.
The tentacled starspawn engulfs you but does no damage.
The tentacled starspawn is singed by your heat.
The tentacled starspawn is severely damaged.
You chop the tentacled starspawn into pieces!!!
You destroy the tentacled starspawn!
The starspawn's tentacles wither and die.
Your Dodging skill increases to level 4!
You carve the ice devil like a ham!!!
The ice devil is severely wounded.
The ice devil barely misses you.
You closely miss the ice devil.
The ice devil is severely wounded.
The ice devil is burned by your radiant heat.
The ice devil is almost dead.
The ice devil hits you. The ice devil freezes you!
You feel a terrible chill!
You die...

. . .... # .#. ...
.# # ...#...... #
##.##..#.# . .
##..##.#.. ##
...#.#.....# ## .
##........##..##.##
#.##....... ##... .
#.@3....##.##.##...
#.##.#.###.. . .. .
...###....#..3#
#..## #. #..#....
.. .... . .. ##
.##.. . ..# ..
..###.....#.. .
.#.....#. #. . .
#.#.. # 3.#. .###..
. #


You could see an ice devil.

Vanquished Creatures
  Norris (D:13)
  A tentacled starspawn (Abyss:1)
  An Executioner (Abyss:1)
  Donald (D:13)
  Maud (D:14)
  Gastronok (Lair:1)
  An orc warlord (Orc:3)
  A lorocyproca (Abyss:1)
  An ettin (Orc:4)
  2 hydras (Lair:3)
  Fannar (Orc:3)
  Harold (D:10)
  The ghost of TrUlster the Grappler, an experienced TrWz of Yredelemnul (D:10)
  An orc high priest (Orc:4)
  Urug (D:12)
  A centaur warrior (D:13)
  3 thrashing horrors (Abyss:1)
  A wretched star (Abyss:1)
  A skeletal warrior (D:15)
  An unseen horror (shapeshifter) (Abyss:1)
  A spatial maelstrom (Abyss:1)
  Erolcha (Orc:3)
  4 large abominations (Abyss:1)
  Pikel (D:5)
  2 hill giants (D:13)
  Joseph (Lair:1)
  An orc sorcerer (Orc:3)
  2 cyclopes (D:12)
  A very ugly thing skeleton (D:15)
  5 worldbinders (Abyss:1)
  A manticore (D:14)
  3 spiny frogs (Lair:2)
  A gargoyle (D:14)
  8 black mambas
  A smoke demon (Abyss:1)
  The ghost of timbw the Chopper, an experienced DsGl of Dithmenos (D:9)
  A yaktaur (D:13)
  2 kobold demonologists
  2 tengu conjurers (D:14)
  3 trolls
  3 ancient zymes (Abyss:1)
  A death yak skeleton (D:15)
  2 centaur skeletons
  4 komodo dragons
  A raven (D:14)
  9 slime creatures
  A two-headed ogre (D:14)
  8 raiju (Abyss:1)
  The ghost of timbw the Ruffian, an average CeMo of Okawaru (D:5)
  A wraith (D:13)
  A basilisk (Lair:3)
  A shadow (D:13)
  2 wyverns
  A shark (Lair:3)
  3 deep elf magi (Orc:4)
  16 humans (D:13)
  5 wolves (Lair:2)
  2 hill giant zombies
  7 yaks
  22 ugly things
  A hill giant skeleton (D:15)
  A deep elf fighter (Orc:4)
  2 wargs
  7 hippogriffs
  3 hungry ghosts
  A mottled dragon (D:12)
  A necrophage (D:9)
  7 water moccasins
  3 porcupines (Lair:2)
  2 sky beasts
  13 orc warriors
  6 small abominations (Abyss:1)
  A black bear (D:6)
  2 giant goldfish (Lair:3)
  10 ogres
  A yellow wasp (D:11)
  10 centaurs
  A phantom (D:6)
  5 crocodiles
  7 giant slugs
  2 big kobolds
  11 giant frogs
  Blork the orc (D:6)
  2 scorpions (D:13)
  3 eyes of draining
  3 killer bees (D:12)
  A pulsating lump (shapeshifter) (D:13)
  13 wights
  An electric eel (Lair:3)
  A hippogriff skeleton (D:9)
  4 crimson imps
  4 starcursed masses (Abyss:1)
  3 jellies
  6 quasits
  22 orc priests
  4 goliath beetles
  A black bear skeleton (D:7)
  A basilisk skeleton (D:12)
  11 hounds
  2 big fish (Lair:3)
  An iron imp (D:14)
  33 orc wizards
  A giant frog skeleton (D:9)
  10 worker ants
  11 iguanas
  3 orange rats (D:12)
  An ogre skeleton (D:4)
  A hound skeleton (D:4)
  3 mummies
  28 green rats
  3 orc zombies
  16 adders
  8 gnolls (D:5)
  An inept item mimic (D:4)
  A shadow imp (D:14)
  6 giant mites
  A white imp (Abyss:1)
  3 worms
  A goliath beetle zombie (D:5)
  2 iguana skeletons
  A giant eyeball (D:14)
  5 giant geckos
  2 oozes (D:2)
  166 orcs
  5 ball pythons
  5 giant cockroaches
  15 goblins
  19 hobgoblins
  18 jackals
  24 kobolds
  9 quokkas
  9 bats
  A giant cockroach zombie (D:6)
  7 giant newts
  2 goblin skeletons
  2 kobold skeletons
  An orc skeleton (D:5)
  24 rats
  A rat skeleton (D:4)
  10 plants
  A starspawn tentacle (Abyss:1)
797 creatures vanquished.

Vanquished Creatures (collateral kills)
  3 yaks (Lair:2)
  2 hounds (Lair:2)
5 creatures vanquished.

Vanquished Creatures (others)
  A small abomination (Abyss:1)
  A sky beast (D:5)
  An orc wizard (Orc:4)
  A green rat (Lair:2)
  A shadow imp (D:5)
  A plant (Lair:3)
  11 starspawn tentacles (Abyss:1)
  155 starspawn tentacle segments (Abyss:1)
172 creatures vanquished.

Grand Total: 974 creatures vanquished

Notes
Turn   | Place    | Note
--------------------------------------------------------------
     0 | D:1      | MrRokkomies, the Lava Orc Berserker, began the quest for the Orb.
     0 | D:1      | Reached XP level 1. HP: 19/19 MP: 1/1
   247 | D:1      | Reached skill level 4 in Fighting
   309 | D:1      | Reached XP level 2. HP: 20/27 MP: 2/2
  1068 | D:2      | Found an iron altar of Okawaru.
  1168 | D:2      | Found a burning altar of Makhleb.
  1208 | D:2      | Acquired Trog's second power
  1249 | D:2      | Reached XP level 3. HP: 23/33 MP: 3/3
  1649 | D:2      | Found a basalt altar of Yredelemnul.
  1852 | D:3      | Reached skill level 5 in Fighting
  1852 | D:3      | Reached skill level 5 in Axes
  1852 | D:3      | Reached XP level 4. HP: 42/42 MP: 4/4
  2024 | D:3      | Reached XP level 5. HP: 28/48 MP: 5/5
  2189 | D:3      | Found a glowing drain.
  2266 | Sewer    | Entered a sewer
  2419 | Sewer    | Reached skill level 6 in Fighting
  2764 | D:4      | Reached XP level 6. HP: 54/57 MP: 6/6
  2910 | D:4      | Acquired Trog's third power
  3106 | D:4      | Reached skill level 7 in Axes
  3138 | D:4      | Found a glowing golden altar of the Shining One.
  3358 | D:5      | Entered Level 5 of the Dungeon
  3408 | D:5      | Reached XP level 7. HP: 61/64 MP: 7/7
  3422 | D:5      | Found a bloodstained altar of Trog.
  3656 | D:5      | Noticed timbw's ghost (average CeMo)
  3663 | D:5      | Killed timbw's ghost
  3663 | D:5      | Reached skill level 8 in Axes
  3731 | D:5      | Reached skill level 9 in Axes
  3779 | D:5      | Noticed Pikel
  3801 | D:5      | Killed Pikel
  3801 | D:5      | Reached skill level 10 in Axes
  3801 | D:5      | Reached XP level 8. HP: 75/75 MP: 8/8
  4017 | D:5      | Received a gift from Trog
  4124 | D:5      | Found a staircase to the Ecumenical Temple.
  4322 | D:6      | Reached skill level 11 in Axes
  4760 | D:6      | Reached XP level 9. HP: 83/83 MP: 9/9
  4795 | D:6      | Noticed Blork the orc
  4815 | D:6      | Killed Blork the orc
  4824 | D:6      | Found a deep blue altar of Sif Muna.
  5106 | D:6      | Found a snail-covered altar of Cheibriados.
  5500 | D:7      | Reached skill level 12 in Axes
  6028 | D:8      | Reached skill level 5 in Armour
  6290 | D:8      | Found Ziotir's Antique Weapon Shop.
  6331 | D:8      | Bought a polished hand axe for 256 gold pieces
  6332 | D:8      | Identified the +8,+2 hand axe "Lod Ked" {chop, MR++ Str+4 Dex+4} (You bought it in a shop on level 8 of the Dungeon)
  6484 | D:8      | Got a jewelled flail
  6486 | D:8      | Identified the +4,+7 flail of Upeonti {crush, rC++} (You found it on level 8 of the Dungeon)
  6689 | D:8      | Reached skill level 13 in Axes
  6907 | D:9      | Upgraded the game from 0.14-a0-3472-gf2e932f to 0.14-a0-3520-g290746a
  6908 | D:9      | Found a blossoming altar of Fedhas.
  7035 | D:9      | Reached XP level 10. HP: 91/91 MP: 0/10
  7042 | D:9      | Found a glowing silver altar of Zin.
  7218 | D:9      | Found a shadowy altar of Dithmenos.
  7247 | D:9      | Received a gift from Trog
  7484 | D:9      | Got a shimmering leather armour
  7542 | D:9      | Noticed timbw's ghost (experienced DsGl)
  7565 | D:9      | Killed timbw's ghost
  7788 | D:10     | Entered Level 10 of the Dungeon
  7788 | D:10     | Noticed TrUlster's ghost (experienced TrWz)
  7796 | D:10     | Killed TrUlster's ghost
  8041 | D:10     | Reached skill level 14 in Axes
  8073 | D:10     | Found a staircase to the Lair.
  8106 | Lair:1   | Entered Level 1 of the Lair of Beasts
  8185 | D:10     | Noticed Harold
  8199 | D:10     | Killed Harold
  8273 | D:10     | Got an ichor-stained flail
  8274 | D:10     | Identified the +8,+8 flail of the Puffin {crush, Int+4} (You found it on level 10 of the Dungeon)
  8290 | D:10     | Identified the +1 leather armour "Pnogoph" {rPois} (You found it on level 9 of the Dungeon)
  8371 | D:10     | Reached skill level 10 in Armour
  8521 | D:10     | Found a staircase to the Orcish Mines.
  8759 | D:11     | Reached XP level 11. HP: 95/97 MP: 11/11
  9177 | D:11     | Found a portal to a secret trove of treasure.
  9468 | D:11     | Received a gift from Trog
  9928 | Lair:1   | Noticed Gastronok
  9941 | Lair:1   | Killed Gastronok
  9941 | Lair:1   | Reached skill level 15 in Axes
 10481 | Lair:1   | Noticed Joseph
 10490 | Lair:1   | Killed Joseph
 11092 | Lair:2   | Reached skill level 16 in Axes
 11196 | Lair:2   | Received a gift from Trog
 11656 | Lair:2   | Reached XP level 12. HP: 96/104 MP: 12/12
 12182 | Lair:3   | Found a staircase to the Snake Pit.
 12189 | Lair:3   | Noticed a five-headed hydra
 12672 | D:12     | Found a blossoming altar of Fedhas.
 12847 | D:12     | Received a gift from Trog
 12952 | D:12     | Noticed Urug
 12967 | D:12     | Killed Urug
 12967 | D:12     | Reached skill level 17 in Axes
 13149 | D:13     | Found a gate to the Vaults.
 13149 | D:13     | Noticed Donald
 13149 | D:13     | Noticed Norris
 13328 | D:13     | Killed Donald
 13636 | Lair:3   | Noticed a five-headed hydra
 13644 | Lair:3   | Killed a five-headed hydra
 13843 | Lair:3   | Killed a seven-headed hydra
 14151 | Lair:3   | Reached skill level 18 in Axes
 14598 | D:12     | Reached XP level 13. HP: 94/111 MP: 13/13
 14882 | D:13     | Paralysed by something for 5 turns
 14899 | D:13     | Killed Norris
 14899 | D:13     | Reached skill level 15 in Armour
 15489 | D:13     | Got a wavering wooden ring
 15721 | D:13     | Identified the ring of Grin {+Blink MR+ Str+2 SInv} (You found it on level 13 of the Dungeon)
 15784 | D:14     | Paralysed by a giant eyeball for 4 turns
 15833 | D:14     | Received a gift from Trog
 15925 | D:14     | Reached skill level 19 in Axes
 16423 | D:14     | Noticed Maud
 16437 | D:14     | Killed Maud
 17010 | D:15     | Entered Level 15 of the Dungeon
 17274 | Orc:1    | Entered Level 1 of the Orcish Mines
 17554 | Orc:2    | Received a gift from Trog
 17979 | Orc:1    | Received a gift from Trog
 17980 | Orc:1    | Got a crystal battleaxe {god gift}
 17981 | Orc:1    | Identified the -2,+1 battleaxe "Gakizofa" {distort, rF+ Str-1 Stlth++} (Trog gifted it to you on level 1 of the Orcish Mines)
 18367 | Orc:3    | Found a burning altar of Makhleb.
 18661 | Orc:3    | Noticed Fannar
 18673 | Orc:3    | Received a gift from Trog
 18673 | Orc:3    | Killed Fannar
 18675 | Orc:3    | Got a crystal battleaxe {god gift}
 18676 | Orc:3    | Identified the +1,+0 battleaxe of Drought {chop, rElec rN+} (Trog gifted it to you on level 3 of the Orcish Mines)
 18740 | Orc:3    | Noticed Erolcha
 18759 | Orc:3    | Killed Erolcha
 18759 | Orc:3    | Reached XP level 14. HP: 118/118 MP: 14/14
 18957 | Orc:4    | Entered Level 4 of the Orcish Mines
 18976 | Orc:4    | Found a staircase to the Elven Halls.
 19158 | Orc:4    | Reached skill level 20 in Axes
 19528 | Orc:4    | Noticed an orc warlord
 19556 | Orc:3    | Killed an orc warlord
 19882 | Orc:4    | Received a gift from Trog
 20002 | Orc:4    | Found a roughly hewn altar of Beogh.
 20137 | Orc:4    | Found Shusin's Assorted Antiques.
 20141 | Orc:4    | Cast into the Abyss (orc sorcerer)
 20246 | Abyss:1  | Noticed a lich
 20349 | Abyss:1  | Noticed an Executioner
 20354 | Abyss:1  | Noticed a tentacled starspawn
 20378 | Abyss:1  | Killed an Executioner
 20390 | Abyss:1  | HP: 7/177 [smoke demon/divine providence (7)]
 20391 | Abyss:1  | HP: 1/177 [tentacled starspawn (7)]
 20807 | Abyss:1  | Reached skill level 21 in Axes
 21072 | Abyss:1  | Reached skill level 10 in Fighting
 21136 | Abyss:1  | Noticed a tentacled starspawn
 21140 | Abyss:1  | Killed a tentacled starspawn
 21142 | Abyss:1  | Slain by an ice devil

Action                   |  1- 3 |  4- 6 |  7- 9 | 10-12 | 13-15 || total
-------------------------+-------+-------+-------+-------+-------++-------
Melee: Whip              |   213 |       |       |       |       ||   213
       Hand axe          |    29 |     4 |    80 |       |     2 ||   115
       War axe           |       |   175 |   316 |    31 |       ||   522
       Battleaxe         |       |       |       |   231 |    32 ||   263
       Executioner's axe |       |       |       |   452 |   653 ||  1105
 Fire: Blowgun           |       |       |    13 |       |       ||    13
       Crossbow          |       |       |     5 |       |       ||     5
Throw: Tomahawk          |       |     3 |     9 |     1 |     1 ||    14
Invok: Berserk           |     1 |     2 |     5 |     6 |     3 ||    17
       Trog's Hand       |       |       |       |       |     3 ||     3
Evoke: Wand              |       |     1 |     4 |    20 |    10 ||    35
  Use: Scroll            |     6 |     4 |     8 |    16 |     6 ||    40
       Potion            |       |       |       |       |     7 ||     7
 Stab: Distracted        |       |       |       |     1 |       ||     1
